Cogmind - Beta 17 @@@ ROGUE MODE // 2026.07.25 @ 05:24:11 Player: kite Result: Self-destructed Performance ------------- Evolutions (6) 3000 Regions Visited (24) 4800 Robots Destroyed (292) 1460 Value Destroyed (14308) 14308 Prototype IDs (218) 4360 Alien Tech Used (0) 0 Bonus (7410) 7410 TOTAL SCORE: 35338 Bonus ------- High Alert Combat Kills 2133 Follower Combat Kills 597 Entered Garrisons 600 Entered DSFs 500 Met Data Miner 300 Used Data Conduit 3000 Acquired ECA 300 Friendly Fire -20 Cogmind --------- Core Integrity 500/1150 Matter 261/300 Energy 154/290 System Corruption 15% Temperature Cool (0) Movement Rolling (310) Ox16 Location -4/Upper Caves Parts ------- > --- POWER (2) -------- Reinforced Deuterium Engine > --- PROPULSION (6) --- Wheel > --- UTILITY (6) ------ Cargo Storage Unit Advanced Signal Interpreter System Mapper Deep Network Scanner > --- WEAPON (5) ------- Great Maul (fused) Chainsword Spear > --- INVENTORY (30) --- Antimatter Reactor Structural Scanner Terrain Scanner Weapon Mount Improved Force Booster Advanced ECM Suite Ghost Barrier Quantum Router Dynamic Insulation System Improved Remote Datajack Chainsword Chainsword Peak State ------------ > --- POWER ------------ Antimatter Reactor > --- PROPULSION ------- Carbon-fiber Leg Flexi-carbon Leg Enhanced Flexi-carbon Leg Enhanced Flexi-carbon Leg Enhanced Flexi-carbon Leg Enhanced Flexi-carbon Leg > --- UTILITY ---------- Huge Storage Unit IFF Parser Advanced Melee Analysis Suite Layered Medium Armor Plating Experimental Thermal Shield Force Field > --- WEAPON ----------- Powered Hammer Powered Hammer Powered Hammer Katana > --- INVENTORY -------- Light Antimatter Reactor Carbon-fiber Leg Carbon-fiber Leg Advanced Energy Well Matter Compressor Structural Scanner Microactuators Microactuators Improved Medium Armor Plating Layered Medium Armor Plating Force Field System Mapper Deep Network Scanner Makeshift System Shield Ghost Barrier Quantum Router Heart of Steel Remote Datajack Improved Plasma Cutter Powered Hammer Power Maul Scythe Makeshift Spear [Rating: 102] Favorites ----------- Power Cooled Ion Engine Engine Cooled Ion Engine Power Core Nuclear Core Reactor Antimatter Reactor Propulsion Light Armored Exoskeleton Treads Medium Treads Leg Light Armored Exoskeleton Wheel Wheel Flight Unit VTOL Module Utility Huge Storage Unit Device Force Field Storage Huge Storage Unit Processor Advanced Melee Analysis Suite Hackware Deep Network Scanner Protection Layered Medium Armor Plating Weapon Powered Hammer Energy Cannon Neutron Cannon Ballistic Gun Light Assault Rifle Ballistic Cannon Improved Light Cannon Launcher Missile Launcher Special Weapon Remote Datajack Impact Weapon Powered Hammer Slashing Weapon Katana Piercing Weapon Lance Build | -11 -10 -10 -10 -9 -8 -8 -8 -8 -8 -7 -7 -7 -7 -6 -6 -6 -6 -5 -5 -5 -4 -4 -4 -4 ------- Run | Yrd Mat Min Exi Min Mat Gar Mat Gar Mat Fac Gar Fac DSF Fac Low Low Dat Pro Fac Ext Fac Was Fac Upp Slots Evolved 12 | . . . . . 4 . . . . 2 . . . 2 . . . . 2 . 2 . . . Power 1 | . . . . . . . . . . . . . . . . . . . . . 1 . . . Propulsion 4 | . . . . . 2 . . . . 1 . . . 1 . . . . . . . . . . Utility 4 | . . . . . 1 . . . . . . . . 1 . . . . 2 . . . . . Weapon 3 | . . . . . 1 . . . . 1 . . . . . . . . . . 1 . . . Parts Attached 239 | 6 . 3 2 2 16 12 . 7 13 2 8 3 19 10 6 6 13 4 18 49 23 2 12 3 Power 26 | 1 . 2 . . . 2 . 2 1 . 1 . 1 1 1 1 1 . 2 3 3 . 3 1 Engine 14 | 1 . 2 . . . 2 . 2 1 . . . . . . 1 . . . 3 . . 1 1 Core 10 | . . . . . . . . . . . 1 . 1 1 1 . . . 1 . 3 . 2 . Reactor 2 | . . . . . . . . . . . . . . . . . 1 . 1 . . . . . Propulsion 69 | 2 . . . 1 6 . . 1 1 1 1 . 5 6 . 2 4 1 5 17 7 2 6 1 Treads 14 | 2 . . . . . . . . . . . . . 6 . . . . . 4 1 . 1 . Leg 32 | . . . . 1 6 . . 1 1 1 1 . 5 . . 2 4 1 3 4 2 . . . Wheel 20 | . . . . . . . . . . . . . . . . . . . . 9 4 2 5 . Hover . | . . . . . . . . . . . . . . . . . . . . . . . . . Flight 3 | . . . . . . . . . . . . . . . . . . . 2 . . . . 1 Utility 83 | 1 . 1 1 . 3 6 . 3 4 1 4 2 4 3 3 2 3 3 9 17 10 . 2 1 Device 36 | . . . . . . 1 . 2 . 1 1 1 2 1 2 . 1 2 5 9 5 . 2 1 Storage 9 | 1 . . 1 . 3 . . . 1 . 1 . . . . . 1 . . . 1 . . . Processor 14 | . . . . . . 2 . . . . . 1 . 1 . 1 . . 2 5 2 . . . Hackware 3 | . . . . . . . . . 1 . . . . . . . . . . 1 1 . . . Protection 21 | . . 1 . . . 3 . 1 2 . 2 . 2 1 1 1 1 1 2 2 1 . . . Artifact . | . . . . . . . . . . . . . . . . . . . . . . . . . Weapon 61 | 2 . . 1 1 7 4 . 1 7 . 2 1 9 . 2 1 5 . 2 12 3 . 1 . Energy Gun . | . . . . . . . . . . . . . . . . . . . . . . . . . Energy Cannon 1 | . . . . . . . . . . . . . . . . . 1 . . . . . . . Ballistic Gun 14 | 2 . . 1 1 3 . . . . . . . . . . . . . . 7 . . . . Ballistic Cannon 4 | . . . . . 2 2 . . . . . . . . . . . . . . . . . . Launcher 3 | . . . . . 1 . . . 1 . 1 . . . . . . . . . . . . . Special Weapon 1 | . . . . . . . . . . . . 1 . . . . . . . . . . . . Impact Weapon 20 | . . . . . 1 2 . 1 2 . . . 9 . 1 . 2 . 1 . 1 . . . Slashing Weapon 14 | . . . . . . . . . 4 . . . . . 1 1 2 . . 5 . . 1 . Piercing Weapon 4 | . . . . . . . . . . . 1 . . . . . . . 1 . 2 . . . Special Melee Weapon . | . . . . . . . . . . . . . . . . . . . . . . . . . Unidentified Prototypes 3 | . . . . . . . . . 1 . . . . . . . . . . 1 1 . . . Corrupted Parts 7 | . . . . . . . . 1 . . . . 2 . 1 1 1 1 . . . . . . System Corruption 33 | . . . . . . . . 5 . . . . 8 . 5 8 3 4 . . . . . . Parts Lost 117 | . . 2 . 2 2 4 . 4 3 . . . 6 . 2 8 15 1 21 10 12 5 11 9 Power 18 | . . 2 . . . 2 . 1 . . . . 1 . 1 2 1 . 2 1 1 . 2 2 Propulsion 51 | . . . . 1 . . . . . . . . 3 . . 4 8 . 8 5 7 4 7 4 Utility 24 | . . . . . 1 1 . 2 3 . . . . . . 1 3 . 7 2 1 . 2 1 Weapon 24 | . . . . 1 1 1 . 1 . . . . 2 . 1 1 3 1 4 2 3 1 . 2 Highest Loss Streak 19 | . . 2 . 1 1 2 . 1 2 . . . 4 . 2 4 13 1 19 4 9 4 4 9 To Critical Strikes 3 | . . . . . . . . . . . . . . . . . . . 3 . . . . . Average Backups 16 | 1 5 7 8 9 13 12 12 12 14 14 21 25 24 24 23 20 17 21 20 12 21 17 16 14 Power . | . 1 1 . . . . . . . . . . . . . . . . 1 . 2 2 3 2 Propulsion 4 | . 2 2 2 3 4 7 7 6 5 5 6 7 7 4 4 2 . . 1 1 4 2 1 . Utility 6 | . 1 2 2 4 4 2 4 3 4 4 8 11 10 9 8 6 8 13 11 5 9 9 9 8 Weapon 4 | . 1 1 3 2 4 3 1 1 3 4 4 5 6 9 8 7 5 3 3 4 4 3 2 2 Tool/Special . | . . . . . . . . . . . . . . . . . . . . . . . . . Unused Backups 47 | . . 1 1 . 11 . . . 1 . 6 1 1 1 1 . . 1 10 3 2 . . 7 Power 5 | . . . 1 . . . . . . . . . . . . . . . 1 1 1 . . 1 Propulsion 11 | . . . . . 6 . . . . . . . . 1 1 . . . 3 . . . . . Utility 22 | . . 1 . . 3 . . . 1 . 5 1 1 . . . . 1 4 1 1 . . 3 Weapon 6 | . . . . . 2 . . . . . 1 . . . . . . . . 1 . . . 2 Tool/Special 3 | . . . . . . . . . . . . . . . . . . . 2 . . . . 1 Average Slot Usage (%) 85 | . 85 84 78 98 90 80 81 80 79 76 83 84 86 98 99 97 63 91 87 84 90 88 83 79 Engine 5 | . 14 12 14 14 9 8 9 8 9 7 6 7 3 . . 3 1 . . 3 3 . . 4 Core 1 | . . . . . . . . . . . . . 3 6 5 2 . . . . 5 10 6 4 Treads 6 | . 28 28 28 23 . . . . . . . . . 26 39 19 . . . 10 . . 2 4 Leg 16 | . . . . 3 31 18 18 18 18 15 23 23 26 12 . 18 17 31 28 7 2 . 6 4 Wheel 2 | . . . . . . . . . . . . . . . . . . . . 11 24 27 15 4 Device 5 | . . . . . . 3 9 9 5 2 5 7 5 10 6 2 1 9 15 7 6 5 4 4 Storage 8 | . 14 14 14 14 18 13 9 9 9 7 7 7 7 6 6 6 6 7 4 3 5 5 5 5 Processor 3 | . . . . . . 3 . . . . . 5 6 2 6 6 6 6 6 11 5 5 5 5 Hackware 1 | . . . . . . . . . 1 7 1 . . . . . . . . . 9 10 10 10 Protection 5 | . . 1 14 14 4 6 9 8 9 4 6 1 2 4 5 10 2 2 2 1 1 . . . Ballistic Gun 3 | . 28 28 7 27 17 1 . . . . . . . . . . . . . 9 . . . . Ballistic Cannon 2 | . . . . . 7 23 . . . . . . . . . . . . . . . . . . Impact Weapon 11 | . . . . . 1 1 27 26 16 7 7 7 21 26 17 20 7 19 15 2 3 5 5 5 Slashing Weapon 5 | . . . . . . . . . 10 23 15 15 . . 1 . 12 6 3 7 12 7 9 9 Piercing Weapon 2 | . . . . . . . . . . . 6 3 4 . 5 4 . . . . 6 10 10 9 Peak Build Rating 102 | 6 6 11 11 12 31 36 35 37 41 45 62 62 66 66 71 73 79 87 102 66 93 86 91 81 Average Rating 51 | 4 6 6 9 11 19 32 35 34 38 41 53 57 60 62 67 66 50 83 86 52 79 76 82 75 On Entrance 44 | . 6 6 11 11 12 31 35 35 35 37 45 62 57 55 64 67 69 79 84 17 52 92 71 74 Avg Prop Armor Cover (%) 14 | . . . . 9 . . . . . . . . 8 4 . 5 . . . 18 12 . 19 22 Naked Turns 1 | . . . . . . . . . . . . . . . . . . . 1 . . . . . Heaviest Build 177 | 10 10 15 30 30 53 53 47 50 55 41 114 114 110 115 118 120 122 122 126 114 176 176 177 168 Greatest Support 154 | 40 40 40 40 40 60 60 60 60 60 77 85 85 95 154 154 154 112 127 147 102 72 72 56 20 Greatest Overweight (x) 54 | . . . . 2 1 . . . . . 1 1 1 1 . 7 31 1 6 10 6 8 16 54 Average Overweight (x) . | . . . . . . . . . . . . 1 1 . . . 2 . . 2 1 2 5 16 Largest Inventory Capacity 30 | 8 8 8 15 15 15 15 15 15 15 15 25 25 25 25 25 25 25 25 25 25 30 30 30 30 Average Capacity 20 | 7 8 8 9 15 15 15 15 15 15 15 22 25 25 25 25 25 25 25 22 20 26 30 30 30 Most Carried 25 | 4 6 8 10 13 15 15 14 15 15 15 25 25 25 25 25 25 24 25 25 25 25 19 21 17 Average Carried 17 | 1 5 7 8 9 13 14 14 14 14 14 21 25 24 24 23 22 19 23 22 12 21 17 16 14 Final Capacity 30 | 8 8 8 15 15 15 15 15 15 15 15 25 25 25 25 25 25 25 25 5 25 30 30 30 30 Final Carried 25 | 4 6 7 8 13 15 14 14 14 14 15 25 25 25 25 25 20 21 25 5 23 19 17 16 12 Class Distribution -------------------- 43% | Mutant 15% | Scavenger-Gladiator 11% | Gladiator 7% | Hacker-Mutant 6% | Gunner 5% | Scavenger-Mutant 3% | Tank 3% | Scavenger-Tank Dominant Class ---------------- Mutant | -10/Materials Mutant | -10/Mines Mutant | -10/Exiles Mutant | -9/Mines Gunner | -8/Materials Gunner | -8/Garrison Mutant | -8/Materials Mutant | -8/Garrison Mutant | -8/Materials Mutant | -7/Factory Mutant | -7/Garrison Mutant | -7/Factory Mutant | -7/DSF Mutant | -6/Factory Gladiator | -6/Lower Caves Gladiator | -6/Lower Caves Gladiator | -6/Data Miner Scavenger-Gladiator | -5/Proximity Caves Scavenger-Gladiator | -5/Factory Scavenger-Mutant | -5/Extension Hacker-Mutant | -4/Factory Hacker-Mutant | -4/Waste Hacker-Mutant | -4/Factory Hacker-Mutant | -4/Upper Caves Resources | -11 -10 -10 -10 -9 -8 -8 -8 -8 -8 -7 -7 -7 -7 -6 -6 -6 -6 -5 -5 -5 -4 -4 -4 -4 ----------- Run | Yrd Mat Min Exi Min Mat Gar Mat Gar Mat Fac Gar Fac DSF Fac Low Low Dat Pro Fac Ext Fac Was Fac Upp Matter Collected 7605 | 155 24 210 85 110 388 1130 83 124 282 . 295 . 167 205 600 843 273 210 581 1193 283 . 364 . Remotely . | . . . . . . . . . . . . . . . . . . . . . . . . . Salvage Created 12576 | . 160 40 . 413 395 749 187 846 1423 . 788 . 307 175 701 830 398 710 1314 2113 429 . 598 . Parts 527 | . 7 5 . 22 37 49 10 31 51 . 25 . 20 4 17 19 17 12 51 97 19 . 34 . Haulers Intercepted 8 | . . . . . 1 . . . 1 . . . . 1 . . . . 3 2 . . . . Recyclers Shooed 3 | . 1 . . 1 . . . . . . . . . . . . . . . 1 . . . . Parts Field Recycled . | . . . . . . . . . . . . . . . . . . . . . . . . . Retrieved Matter . | . . . . . . . . . . . . . . . . . . . . . . . . . Parts Self-Destructed 29 | . . . . . . . . . . . . . . . 11 13 . 5 . . . . . . Prevented 16 | . . . . . . . . . . . . . . . 6 3 . 7 . . . . . . Parts Restored . | . . . . . . . . . . . . . . . . . . . . . . . . . Kills | -11 -10 -10 -10 -9 -8 -8 -8 -8 -8 -7 -7 -7 -7 -6 -6 -6 -6 -5 -5 -5 -4 -4 -4 -4 ------- Run | Yrd Mat Min Exi Min Mat Gar Mat Gar Mat Fac Gar Fac DSF Fac Low Low Dat Pro Fac Ext Fac Was Fac Upp Combat Hostiles Destroyed 229 | . 2 3 . 7 12 30 7 23 29 . 18 . 10 1 17 10 4 13 17 12 4 . 10 . Melee 93 | . . . . . . . 5 10 15 . 11 . 5 1 6 3 3 4 12 6 4 . 8 . Guns 24 | . 2 3 . 7 6 . . . . . . . . . . . . . . 6 . . . . Cannons 29 | . . . . . . 27 . . . . 1 . . . . . 1 . . . . . . . AOE 27 | . . . . . 6 3 . 2 4 . 2 . 3 . 2 3 . 1 1 . . . . . Classes Destroyed 18 | . 2 1 . 1 3 3 2 1 2 . 1 . . . . 1 . . . 1 . . . . Worker 9 | . . . . . 1 . . . . . . . . 2 . . . . 2 . 1 . 3 . Builder 18 | . . . . . . . 1 . . . . . . 1 . . . . 3 10 . . 3 . Tunneler 6 | . . . . . . . 1 . . . . . . . . . . . . 3 . . 2 . Hauler 8 | . . . . . 1 . . . 1 . . . . 1 . . . . 3 2 . . . . Recycler 12 | . . . . 2 . . . . 2 . . . . . . . . . . 7 1 . . . Minesweeper 1 | . . . . . . . . . . . . . . . . 1 . . . . . . . . Mechanic 1 | . . . . . . . . . 1 . . . . . . . . . . . . . . . Operator 1 | . . . . . . . . . 1 . . . . . . . . . . . . . . . Watcher 5 | . 2 . . . . . . 1 1 . . . . . . . . . . 1 . . . . Swarmer 62 | . . 3 . 3 6 6 5 7 4 . 6 . 6 . 9 1 . 2 . . . . 4 . Grunt 88 | . 2 . . 4 4 8 2 7 18 . 6 . . . 3 6 . 10 10 5 . . 3 . Brawler 4 | . . . . . . 1 . 1 1 . . . . . . 1 . . . . . . . . Duelist 4 | . . . . . . . . . . . 1 . . . 2 . . . . . . . 1 . Sentry 32 | . . . . . 2 12 . 3 4 . 1 . . . 1 1 . 1 2 3 2 . . . Specialist 9 | . . . . . . . . 2 2 . 1 . 4 . . . . . . . . . . . Hunter 12 | . . . . . . 1 . . . . 2 . . . 2 . . . 3 2 2 . . . Programmer 12 | . . . . . . 2 . 3 . . 1 . . 1 . 1 . . 2 . . . 2 . Behemoth 2 | . . . . . . . . . . . . . . . . . . . . 2 . . . . Enhanced Grunt 4 | . . . . . . . . . . . . . . . . . 4 . . . . . . . Packrat 2 | . . . . . . . . . . . . . . . . 2 . . . . . . . . Savage 1 | . . . . . . . . . . . . . . . . . . . . 1 . . . . Best Kill Streak 9 | . 3 3 . 3 6 5 4 5 6 . 4 . 5 2 6 3 1 5 4 9 2 . 5 . Combat Bots Only 9 | . 2 3 . 3 6 5 4 5 6 . 4 . 5 1 9 3 1 5 4 3 2 . 4 . Max Kills in Single Turn 3 | . 1 1 . 1 2 2 1 2 3 . 2 . 3 1 1 1 1 1 1 3 1 . 1 . Gunslinging . | . . . . . . . . . . . . . . . . . . . . . . . . . Exploded 3 | . . . . . 2 2 . 2 2 . 2 . 3 . 1 1 . 1 1 . . . . . Melee 1 | . . . . . . . 1 1 1 . 1 . 1 1 1 1 1 1 1 1 1 . 1 . Uniques/NPCs Destroyed 1 | . . . . . . . . . . . . . . . . . 1 . . . . . . . Data Miner (-6/Data Miner) Combat | -11 -10 -10 -10 -9 -8 -8 -8 -8 -8 -7 -7 -7 -7 -6 -6 -6 -6 -5 -5 -5 -4 -4 -4 -4 -------- Run | Yrd Mat Min Exi Min Mat Gar Mat Gar Mat Fac Gar Fac DSF Fac Low Low Dat Pro Fac Ext Fac Was Fac Upp Hostile Shots Fired 2003 | . 13 9 . 57 50 128 50 131 146 . 105 . 202 10 143 97 27 101 257 151 98 . 120 108 Missed 609 | . 2 2 . 20 14 38 14 28 29 . 32 . 89 2 35 29 5 36 77 51 29 . 39 38 Hits 1394 | . 11 7 . 37 36 90 36 103 117 . 73 . 113 8 108 68 22 65 180 100 69 . 81 70 Melee 16 | . . . . . . . . 1 6 . . . . . 5 1 . . . . . . 3 . Projectile 1378 | . 11 7 . 37 36 90 36 102 111 . 73 . 113 8 103 67 22 65 180 100 69 . 78 70 AOE 5 | . . 5 . . . . . . . . . . . . . . . . . . . . . . Critical Strikes 59 | . . 1 . 2 . 4 . 5 9 . . . 3 1 6 5 . 2 12 2 4 . 3 . Part Disruptions 1 | . . . . . . . . 1 . . . . . . . . . . . . . . . . Damage Taken 20910 | . 154 339 . 375 493 1251 209 1056 1386 . 759 . 1541 122 1619 1394 1012 876 2708 1786 1084 581 1445 720 Core 3231 | . 12 85 . 73 49 129 25 156 135 . 100 . 224 32 173 81 191 175 661 280 159 107 190 194 Absorbed by Shields 2133 | . . . . . . 58 87 340 405 . 293 . . . 351 . . 266 333 . . . . . Ignored by Resistances 554 | . . . . . . 3 54 77 37 . . . . . . . . 82 292 9 . . . . Core Remaining (%) 37 | 100 . . . 32 . . . . 10 . . . 53 . . . . 23 . 5 . . . . Volleys Fired 291 | . 26 11 . 38 34 100 . 1 7 . 4 2 2 1 2 10 10 1 1 41 . . . . Largest 4 | . 2 2 . 2 3 3 . 1 1 . 1 1 1 1 1 1 1 1 1 4 . . . . Hottest 121 | . 40 40 . 40 86 99 . 30 36 . 46 5 36 5 46 46 90 46 5 121 . . . . Shots Fired 716 | . 52 22 . 75 94 267 . 1 7 . 4 2 2 1 2 10 9 1 1 166 . . . . Gun 413 | . 52 22 . 75 84 14 . . . . . . . . . . . . . 166 . . . . Cannon 265 | . . . . . 6 250 . . . . . . . . . . 9 . . . . . . . Launcher 34 | . . . . . 4 3 . 1 7 . 4 . 2 . 2 10 . 1 . . . . . . Special 4 | . . . . . . . . . . . . 2 . 1 . . . . 1 . . . . . Kinetic 669 | . 52 22 . 75 90 264 . . . . . . . . . . . . . 166 . . . . Thermal 9 | . . . . . . . . . . . . . . . . . 9 . . . . . . . Explosive 17 | . . . . . 4 3 . 1 7 . . . 2 . . . . . . . . . . . Electromagnetic 17 | . . . . . . . . . . . 4 . . . 2 10 . 1 . . . . . . Robot Hit Streak 14 | . 6 4 . 7 12 9 . . 2 . 3 2 1 2 4 5 1 . 1 14 . . . . Robot Miss Streak 4 | . 4 1 . 4 3 4 . 1 1 . 1 . 1 . . 4 2 1 . 3 . . . . Penetration Max 2 | . . . . . . . . . . . . . . . . . . . . 2 . . . . Secondary Targets 3 | . . 1 . 1 . . . . . . . . . . . . . . . 1 . . . . Max Gunslinging Chain 1 | . . 1 . 1 . . . . . . . . . . . . . . . 1 . . . . Shots Hit Robots 952 | . 30 15 . 44 65 104 18 70 92 . 32 2 14 12 46 41 35 29 80 150 28 . 44 1 Core Hits 349 | . 11 7 . 21 40 51 5 13 31 . 13 . 7 2 10 16 16 3 20 54 11 . 18 . Critical Kills 18 | . 1 . . 1 1 . 2 3 3 . 2 . . . . . . . 1 4 . . . . Critical Parts Destroyed 67 | . . 1 . 1 . . 3 11 7 . 6 . 3 2 6 3 . 6 8 6 1 . 3 . Critical Strikes 124 | . 1 1 . 2 1 5 5 14 15 . 11 . 4 2 6 6 8 6 12 16 2 . 7 . Destroy 10 | . 1 1 . 2 1 . . . . . . . . . . . . . . 5 . . . . Blast 5 | . . . . . . 5 . . . . . . . . . . . . . . . . . . Smash 76 | . . . . . . . 5 14 10 . 8 . 3 2 6 4 . 6 9 5 1 . 3 . Sever 28 | . . . . . . . . . 5 . 2 . . . . 1 7 . 2 6 1 . 4 . Impale 5 | . . . . . . . . . . . 1 . 1 . . 1 1 . 1 . . . . . Melee Attacks 876 | . . . . . 4 . 38 115 122 2 59 1 22 19 58 47 42 49 116 44 47 17 73 1 Impact 551 | . . . . . 4 . 38 115 86 . 30 1 17 19 42 33 5 44 80 14 3 . 20 . Slashing 243 | . . . . . . . . . 36 2 20 . . . 2 7 29 5 20 30 29 17 45 1 Piercing 82 | . . . . . . . . . . . 9 . 5 . 14 7 8 . 16 . 15 . 8 . Sneak Attacks 59 | . . . . . . . 3 2 6 . . . . 4 . 5 2 2 8 15 2 . 10 . Combat Hostiles 3 | . . . . . . . 1 . . . . . . . . . . 2 . . . . . . Follow-up Attacks 184 | . . . . . . . 6 24 25 . 13 . 6 2 19 13 10 8 22 7 12 . 17 . Damage Inflicted 33566 | . 244 117 . 366 907 2655 651 1949 3799 . 1518 . 734 608 1917 2182 1240 1689 3800 5625 1352 . 2182 31 Guns 4399 | . 244 117 . 366 502 53 . . . . . . . . . . . . . 3117 . . . . Cannons 2488 | . . . . . 39 2350 . . . . . . . . . . 99 . . . . . . . Explosions 2594 | . . . . . 366 252 . 147 572 . 220 . 185 . 78 618 . 156 . . . . . . Melee 24065 | . . . . . . . 637 1802 3227 . 1298 . 544 608 1839 1564 1141 1533 3799 2508 1352 . 2182 31 Ramming 20 | . . . . . . . 14 . . . . . 5 . . . . . 1 . . . . . Kinetic 6788 | . 244 117 . 366 541 2403 . . . . . . . . . . . . . 3117 . . . . Thermal 234 | . . . . . . . . . . . . . . . . 135 99 . . . . . . . Explosive 1522 | . . . . . 366 252 . 147 572 . . . 185 . . . . . . . . . . . Electromagnetic 937 | . . . . . . . . . . . 220 . . . 78 483 . 156 . . . . . . Impact 15458 | . . . . . . . 637 1802 2449 . 876 . 390 608 1390 1118 190 1351 2887 932 67 . 761 . Slashing 6866 | . . . . . . . . . 778 . 194 . . . 64 192 842 182 598 1576 1108 . 1301 31 Piercing 1741 | . . . . . . . . . . . 228 . 154 . 385 254 109 . 314 . 177 . 120 . Highest Corruption 26 | . 1 1 1 1 . 1 1 9 12 . . . 8 3 8 19 22 26 3 3 . 13 15 15 Average Corruption 8 | . 1 1 1 1 . 1 1 4 10 . . . 7 2 3 11 19 25 2 3 . 6 14 15 Corruption Purged . | . . . . . . . . . . . . . . . . . . . . . . . . . Corruption Blocked . | . . . . . . . . . . . . . . . . . . . . . . . . . Effects 331 | . . 2 3 3 . 6 2 31 47 . . . 10 1 14 42 39 62 3 26 . 4 25 11 Message Errors 85 | . . 2 1 . . 2 . 11 14 . . . 2 . 2 5 12 16 . 10 . . 7 1 Matter Fused 81 | . . . 1 . . 2 1 4 14 . . . 5 1 2 13 9 11 1 6 . 1 6 4 Heat Flow Errors 34 | . . . . . . 1 . 2 6 . . . 2 . 2 3 4 7 . 3 . . 2 2 Energy Discharges 41 | . . . . 1 . . . 2 7 . . . . . 2 4 3 14 . 2 . 1 3 2 Parts Rejected 6 | . . . . . . . . 1 . . . . . . . . . 2 1 . . 1 1 . Parts Fused 5 | . . . . . . . . 1 . . . . . . . . 2 1 . . . 1 . . Data Loss (minor) 50 | . . . 1 1 . . 1 9 3 . . . 1 . 3 13 4 6 1 2 . . 3 2 Data Loss (major) 13 | . . . . . . . . . 2 . . . . . 2 1 3 2 . 1 . . 2 . Misfires 3 | . . . . . . 1 . . . . . . . . . . . . . 2 . . . . Alerts 9 | . . . . . . . . 1 1 . . . . . 1 3 1 1 . . . . 1 . Misdirections 2 | . . . . . . . . . . . . . . . . . . 2 . . . . . . Weapon Failures 2 | . . . . 1 . . . . . . . . . . . . 1 . . . . . . . Overload Shots . | . . . . . . . . . . . . . . . . . . . . . . . . . Overflow Damage 5633 | . . . . . 21 23 204 407 463 . 422 . 184 296 368 451 33 579 782 731 89 . 580 . Projectiles . | . . . . . . . . . . . . . . . . . . . . . . . . . Explosions 68 | . . . . . 21 23 . . 12 . . . . . . 12 . . . . . . . . Melee 5565 | . . . . . . . 204 407 451 . 422 . 184 296 368 439 33 579 782 731 89 . 580 . Knockbacks 55 | . . . . . 1 13 1 . 11 . 5 . 1 2 3 1 . 6 8 2 . . 1 . Impact 40 | . . . . . . . 1 . 10 . 5 . 1 2 3 1 . 6 8 2 . . 1 . Kinetic 13 | . . . . . 1 12 . . . . . . . . . . . . . . . . . . Secondary 2 | . . . . . . 1 . . 1 . . . . . . . . . . . . . . . Self-Inflicted Damage 197 | . . . . . . 13 . 49 28 . 9 . 36 . . 31 . 31 . . . . . . Shots 8 | . . . . . . 1 . 1 1 . 1 . 1 . . 2 . 1 . . . . . . Rammed . | . . . . . . . . . . . . . . . . . . . . . . . . . Targets Rammed 4 | . . . . . . . 2 . . . . . 1 . . . . . 1 . . . . . Kicked 4 | . . . . . . . 2 . . . . . 1 . . . . . 1 . . . . . Crushed . | . . . . . . . . . . . . . . . . . . . . . . . . . Highest Temperature 290 | . 25 . . 56 94 271 4 269 265 . 4 . 290 . 272 187 186 256 1 263 9 . 265 161 Average Temperature 68 | . 11 . . 15 36 67 4 137 106 . 4 . 126 . 96 45 58 92 1 59 9 . 120 76 Received Heat Transfer 3910 | . 93 . . 159 171 429 54 252 657 . 99 . 99 . 129 504 . 367 368 321 63 . 145 . Effects 2 | . . . . . . . . . . . . . 1 . . . . . . . . . 1 . Energy Bleed 1 | . . . . . . . . . . . . . 1 . . . . . . . . . . . Interference 1 | . . . . . . . . . . . . . . . . . . . . . . . 1 . Siege Activations . | . . . . . . . . . . . . . . . . . . . . . . . . . Martial Activations . | . . . . . . . . . . . . . . . . . . . . . . . . . Shielding Activations . | . . . . . . . . . . . . . . . . . . . . . . . . . Robots Disrupted . | . . . . . . . . . . . . . . . . . . . . . . . . . Combat Hostiles . | . . . . . . . . . . . . . . . . . . . . . . . . . Robots Corrupted 65 | . . . . . . . 3 11 12 . 5 . 2 . 9 5 . 8 5 3 . . 2 . Combat Hostiles 57 | . . . . . . . 2 11 10 . 5 . 2 . 9 4 . 8 4 . . . 2 . Parts Fried 76 | . . . . . . . 6 11 13 . 9 . 1 1 6 2 . 10 10 5 . . 2 . Impact Corruptions 179 | . . . . . . . 8 22 24 . 14 . 6 9 18 9 1 18 24 15 1 . 10 . Robots Melted . | . . . . . . . . . . . . . . . . . . . . . . . . . Combat Hostiles . | . . . . . . . . . . . . . . . . . . . . . . . . . Parts Melted 1 | . . . . . . . . . . . . . . . . . . . . . 1 . . . Heat Transferred 200 | . . . . . . . . . . . . . . . . 200 . . . . . . . . Parts Sabotaged . | . . . . . . . . . . . . . . . . . . . . . . . . . Parts Stolen . | . . . . . . . . . . . . . . . . . . . . . . . . . Parts Stripped . | . . . . . . . . . . . . . . . . . . . . . . . . . Power Chain Reactions 1 | . . . . . . . . . . . . . . . . 1 . . . . . . . . Alert | -11 -10 -10 -10 -9 -8 -8 -8 -8 -8 -7 -7 -7 -7 -6 -6 -6 -6 -5 -5 -5 -4 -4 -4 -4 ------- Run | Yrd Mat Min Exi Min Mat Gar Mat Gar Mat Fac Gar Fac DSF Fac Low Low Dat Pro Fac Ext Fac Was Fac Upp Maximum Alert Level 5 | . . . . . 1 4 3 4 3 2 5 4 3 2 . . . . . . . . . . Low Security (%) 37 | 100 100 100 . 100 84 4 . . . . . . . . . . . . 100 100 100 100 100 . Level 1 9 | . . . . . 15 28 . . . . 11 . . 76 . . . . . . . . . . Level 2 8 | . . . . . . 10 2 14 . 100 11 . 29 23 . . . . . . . . . . Level 3 25 | . . . . . . 29 97 30 100 . 14 84 70 . . . . . . . . . . . Level 4 17 | . . . . . . 26 . 54 . . 49 15 . . . . . . . . . . . . Level 5 2 | . . . . . . . . . . . 13 . . . . . . . . . . . . . High Security . | . . . . . . . . . . . . . . . . . . . . . . . . . Max Security . | . . . . . . . . . . . . . . . . . . . . . . . . . Sterilizations 1 | . . . . . . . . . . . . . 1 . . . . . . . . . . . Peak Influence 2115 | . 54 70 . 85 232 1451 854 1537 1064 478 2115 1110 931 467 . . . . 174 112 63 4 70 . Initial 1110 | . . 9 . . 22 114 707 519 748 473 293 1110 697 467 . . . . . 24 50 . . . Average 587 | . 11 13 . 19 88 743 789 1120 836 454 1181 1051 802 330 . . . . 85 25 18 . 22 . Influence Increases 9546 | . 71 85 . 195 401 1437 222 1058 844 16 1902 6 254 56 455 470 20 370 575 553 172 16 323 45 Destroy 0b10 Robot/C 4960 | . 40 60 . 140 240 620 140 460 580 . 720 . 200 20 340 200 20 260 340 300 80 . 200 . Destroy 0b10 Robot/NC 315 | . 10 . . 10 10 . 10 5 30 . 5 . . 20 . 10 . . 40 115 10 . 40 . Destroy Leader 670 | . 14 10 . 30 52 20 10 30 134 . 70 . 40 12 40 20 . 20 76 32 30 . 30 . Allied During Kill 137 | . . . . . . 6 . . . . 113 . . . . . . . . 18 . . . . Successful Hack 166 | . 7 . . . . 28 16 30 2 . 34 5 . . . . . . 12 5 8 . 19 . Disable Machine 195 | . . . . . 30 30 . 15 . 15 15 . . . . . . . 30 30 30 . . . Anti-Garrison Action 1850 | . . . . . . 600 . 400 . . 850 . . . . . . . . . . . . . Destroy Structure 458 | . . . . . 24 118 1 43 68 1 80 1 14 4 . . . . 32 8 14 16 34 . Partial Spotted 15 | . . . . . . . . 15 . . . . . . . . . . . . . . . . Lose Combat Pursuer 780 | . . 15 . 15 45 15 45 60 30 . 15 . . . 75 240 . 90 45 45 . . . 45 Influence Decreases 9546 | . 47 109 . 136 284 162 874 320 1341 637 206 1125 359 726 437 578 151 370 525 499 274 18 323 45 Entered New Map 4690 | . . 15 . . 37 62 744 280 789 567 126 1005 299 424 83 46 131 . . 26 54 2 . . Time Decay 3937 | . 47 94 . 116 227 . 130 . 522 70 . 120 . 302 334 462 10 360 315 355 193 16 254 10 Lost Part 712 | . . . . 20 20 40 . 40 30 . . . 60 . 20 70 10 10 210 58 20 . 69 35 Lost Ally 207 | . . . . . . 60 . . . . 80 . . . . . . . . 60 7 . . . Squads Dispatched 27 | . 1 . . 1 . . 2 . 7 . . . 2 1 . 1 . . 2 5 2 . 3 . Investigation 3 | . . . . . . . . . 1 . . . . . . . . . . 1 1 . . . Extermination 4 | . . . . . . . . . . . . . . 1 . . . . 1 . 1 . 1 . Reinforcement 17 | . 1 . . 1 . . 2 . 4 . . . 2 . . . . . 1 4 . . 2 . Assault 3 | . . . . . . . . . 2 . . . . . . 1 . . . . . . . . Garrison . | . . . . . . . . . . . . . . . . . . . . . . . . . Intercept . | . . . . . . . . . . . . . . . . . . . . . . . . . Searches Triggered . | . . . . . . . . . . . . . . . . . . . . . . . . . Construction Impeded 5 | . . . . 1 . . . . . . . . . . . . . . 1 3 . . . . Haulers Reinforced . | . . . . . . . . . . . . . . . . . . . . . . . . . Active Scanning Responses . | . . . . . . . . . . . . . . . . . . . . . . . . . Cargo Convoy Interrupts . | . . . . . . . . . . . . . . . . . . . . . . . . . Stealth | -11 -10 -10 -10 -9 -8 -8 -8 -8 -8 -7 -7 -7 -7 -6 -6 -6 -6 -5 -5 -5 -4 -4 -4 -4 --------- Run | Yrd Mat Min Exi Min Mat Gar Mat Gar Mat Fac Gar Fac DSF Fac Low Low Dat Pro Fac Ext Fac Was Fac Upp Distress Signals 11 | . . . . . 1 . . . 3 . . . . . . . . . 4 2 1 . . . Communications Jammed . | . . . . . . . . . . . . . . . . . . . . . . . . . Distress Signals . | . . . . . . . . . . . . . . . . . . . . . . . . . Times Spotted 393 | . 5 25 . 8 19 32 16 25 42 1 30 . 16 1 21 24 9 19 41 25 5 7 17 5 Peak Tracking Total 18 | . 2 18 . 3 5 6 5 7 7 . 5 . 6 1 8 8 3 5 18 5 2 6 5 2 Tactical Retreats 40 | . . 1 . 1 1 1 2 3 2 . 1 . . . 3 7 5 5 2 3 . 1 . 2 Traps | -11 -10 -10 -10 -9 -8 -8 -8 -8 -8 -7 -7 -7 -7 -6 -6 -6 -6 -5 -5 -5 -4 -4 -4 -4 ------- Run | Yrd Mat Min Exi Min Mat Gar Mat Gar Mat Fac Gar Fac DSF Fac Low Low Dat Pro Fac Ext Fac Was Fac Upp Traps Triggered 22 | . . . . . . 4 . 6 1 . 4 . . . . . . . . 4 1 . 2 . Indirectly . | . . . . . . . . . . . . . . . . . . . . . . . . . Trap Hack Attempts . | . . . . . . . . . . . . . . . . . . . . . . . . . Triggered . | . . . . . . . . . . . . . . . . . . . . . . . . . Disarmed . | . . . . . . . . . . . . . . . . . . . . . . . . . Reprogrammed . | . . . . . . . . . . . . . . . . . . . . . . . . . Reused . | . . . . . . . . . . . . . . . . . . . . . . . . . Traps Extracted . | . . . . . . . . . . . . . . . . . . . . . . . . . Installed . | . . . . . . . . . . . . . . . . . . . . . . . . . Triggered . | . . . . . . . . . . . . . . . . . . . . . . . . . Machines | -11 -10 -10 -10 -9 -8 -8 -8 -8 -8 -7 -7 -7 -7 -6 -6 -6 -6 -5 -5 -5 -4 -4 -4 -4 ---------- Run | Yrd Mat Min Exi Min Mat Gar Mat Gar Mat Fac Gar Fac DSF Fac Low Low Dat Pro Fac Ext Fac Was Fac Upp Machines Disabled 34 | . . . . . 2 9 . 7 . 1 8 . . . . 1 . . 2 2 2 . . . Max in Single Turn 1 | . . . . . 1 1 . 1 . 1 1 . . . . 1 . . 1 1 1 . . . Garrison Access 1 | . . . . . . . . . . . . . . . . . . . . . 1 . . . Garrison Relay 17 | . . . . . . 7 . 5 . . 5 . . . . . . . . . . . . . Phase Generator 1 | . . . . . . . . . . . 1 . . . . . . . . . . . . . Machines Repaired . | . . . . . . . . . . . . . . . . . . . . . . . . . Machines Dismantled . | . . . . . . . . . . . . . . . . . . . . . . . . . Machines Sabotaged . | . . . . . . . . . . . . . . . . . . . . . . . . . Overloaded Fab Kills . | . . . . . . . . . . . . . . . . . . . . . . . . . Hacking | -11 -10 -10 -10 -9 -8 -8 -8 -8 -8 -7 -7 -7 -7 -6 -6 -6 -6 -5 -5 -5 -4 -4 -4 -4 --------- Run | Yrd Mat Min Exi Min Mat Gar Mat Gar Mat Fac Gar Fac DSF Fac Low Low Dat Pro Fac Ext Fac Was Fac Upp Machines Accessed 49 | . 1 . 1 . 2 3 5 3 5 2 3 3 . 2 1 . 4 . 2 6 4 . 2 . Terminals 30 | . 1 . . . 1 3 4 3 3 . 3 1 . 2 . . . . . 6 2 . 1 . Fabricators 3 | . . . . . . . . . . 1 . 1 . . . . . . . . 1 . . . Repair Stations 1 | . . . . . . . . . . . . . . . . . . . 1 . . . . . Recycling Units 1 | . . . . . . . . . 1 . . . . . . . . . . . . . . . Scanalyzers 4 | . . . . . . . . . 1 . . 1 . . . . . . 1 . . . 1 . Garrison Access 4 | . . . . . 1 . 1 . . 1 . . . . . . . . . . 1 . . . Total Hacks 123 | . 4 . 4 . 2 6 12 5 9 2 6 3 . 4 1 . 31 . 5 12 8 . 9 . Successful 74 | . 1 . 4 . 1 2 4 2 5 1 3 1 . 1 1 . 31 . 1 3 6 . 7 . Failed 48 | . 2 . . . 1 4 8 3 4 1 3 2 . 3 . . . . 4 9 2 . 2 . Catastrophic 8 | . . . . . 1 . . 1 1 1 . 1 . 1 . . . . 1 1 . . . . Database Lockouts 1 | . 1 . . . . . . . . . . . . . . . . . . . . . . . Manual 35 | . 4 . . . 1 . 10 . 6 1 . 1 . 2 . . . . 2 5 3 . . . Terminals 62 | . 4 . . . 1 6 10 5 6 . 6 1 . 4 . . . . . 12 5 . 2 . Fabricators 4 | . . . . . . . . . . 1 . 1 . . . . . . . . 2 . . . Repair Stations 2 | . . . . . . . . . . . . . . . . . . . 2 . . . . . Recycling Units 2 | . . . . . . . . . 2 . . . . . . . . . . . . . . . Scanalyzers 12 | . . . . . . . . . 1 . . 1 . . . . . . 3 . . . 7 . Garrison Access 5 | . . . . . 1 . 2 . . 1 . . . . . . . . . . 1 . . . Terminal Hacks 57 | . 1 . 4 . . 2 3 2 3 . 3 1 . 1 1 . 31 . . 2 2 . 1 . Record 15 | . . . 4 . . . . . . . . . . . . . 11 . . . . . . . Part Schematic 10 | . 1 . . . . . . . . . . . . . . . 9 . . . . . . . Robot Schematic 8 | . . . . . . . . . . . . . . . . . 8 . . . . . . . Prototype ID Bank 3 | . . . . . . . . . . . . . . . . . 3 . . . . . . . Open Door 4 | . . . . . . . . . . . 1 . . . 1 . . . . 2 . . . . Open DSF 1 | . . . . . . . . . . . . 1 . . . . . . . . . . . . Level Access Points 1 | . . . . . . . . . . . . . . . . . . . . . 1 . . . Branch Access Points 3 | . . . . . . . . . . . . . . 1 . . . . . . 1 . 1 . Emergency Access Points 3 | . . . . . . 1 . 1 . . 1 . . . . . . . . . . . . . Registered Components 1 | . . . . . . . 1 . . . . . . . . . . . . . . . . . Zone Layout 5 | . . . . . . . 2 . 3 . . . . . . . . . . . . . . . Garrison Registry 2 | . . . . . . 1 . . . . 1 . . . . . . . . . . . . . Security Stations 1 | . . . . . . . . 1 . . . . . . . . . . . . . . . . Fabricator Hacks 2 | . . . . . . . . . . . . . . . . . . . . . 2 . . . Load Schematic 1 | . . . . . . . . . . . . . . . . . . . . . 1 . . . Build 1 | . . . . . . . . . . . . . . . . . . . . . 1 . . . Repair Station Hacks . | . . . . . . . . . . . . . . . . . . . . . . . . . Recycling Unit Hacks 1 | . . . . . . . . . 1 . . . . . . . . . . . . . . . Retrieve Components 1 | . . . . . . . . . 1 . . . . . . . . . . . . . . . Scanalyzer 8 | . . . . . . . . . 1 . . . . . . . . . 1 . . . 6 . Retrieve Study 8 | . . . . . . . . . 1 . . . . . . . . . 1 . . . 6 . Garrison Access Hacks 4 | . . . . . 1 . 1 . . 1 . . . . . . . . . . 1 . . . Unlock Access 3 | . . . . . 1 . 1 . . 1 . . . . . . . . . . . . . . Seal Access 1 | . . . . . . . . . . . . . . . . . . . . . 1 . . . Unauthorized Hacks 2 | . . . . . . . . . . . . . . . . . . . . 1 1 . . . Terminals 2 | . . . . . . . . . . . . . . . . . . . . 1 1 . . . Assimilate 1 | . . . . . . . . . . . . . . . . . . . . . 1 . . . Botnet 1 | . . . . . . . . . . . . . . . . . . . . 1 . . . . Fabricators . | . . . . . . . . . . . . . . . . . . . . . . . . . Repair Stations . | . . . . . . . . . . . . . . . . . . . . . . . . . Recycling Units . | . . . . . . . . . . . . . . . . . . . . . . . . . Scanalyzers . | . . . . . . . . . . . . . . . . . . . . . . . . . Garrison Access . | . . . . . . . . . . . . . . . . . . . . . . . . . Data Cores Recovered . | . . . . . . . . . . . . . . . . . . . . . . . . . Used . | . . . . . . . . . . . . . . . . . . . . . . . . . Hacking Detections 29 | . 1 . . . 1 3 3 3 1 1 2 3 . 1 . . . . 2 3 3 . 2 . Full Trace Events 6 | . 1 . . . . 1 . 1 . . 1 . . . . . . . . 1 1 . . . Feedback Events 1 | . 1 . . . . . . . . . . . . . . . . . . . . . . . Corruption 1 | . 1 . . . . . . . . . . . . . . . . . . . . . . . Feedback Blocked . | . . . . . . . . . . . . . . . . . . . . . . . . . Robot Schematics Acquired 8 | . . . . . . . . . . . . . . . . . 8 . . . . . . . Robots Built . | . . . . . . . . . . . . . . . . . . . . . . . . . Authchips . | . . . . . . . . . . . . . . . . . . . . . . . . . Time . | . . . . . . . . . . . . . . . . . . . . . . . . . Total Robot Build Rating . | . . . . . . . . . . . . . . . . . . . . . . . . . Part Schematics Acquired 10 | . 1 . . . . . . . . . . . . . . . 9 . . . . . . . Parts Built 1 | . . . . . . . . . . . . . . . . . . . . . 1 . . . Authchips . | . . . . . . . . . . . . . . . . . . . . . . . . . Time 51 | . . . . . . . . . . . . . . . . . . . . . 51 . . . Total Part Build Rating 1 | . . . . . . . . . . . . . . . . . . . . . 1 . . . Part Studies Acquired 8 | . . . . . . . . . 1 . . . . . . . . . 1 . . . 6 . Parts Repaired . | . . . . . . . . . . . . . . . . . . . . . . . . . Time . | . . . . . . . . . . . . . . . . . . . . . . . . . Parts Recycled . | . . . . . . . . . . . . . . . . . . . . . . . . . Recycled Matter . | . . . . . . . . . . . . . . . . . . . . . . . . . Retrieved Matter . | . . . . . . . . . . . . . . . . . . . . . . . . . Retrieved Components 9 | . . . . . . . . . 9 . . . . . . . . . . . . . . . Parts Scanalyzed . | . . . . . . . . . . . . . . . . . . . . . . . . . Part Schematics Acquired . | . . . . . . . . . . . . . . . . . . . . . . . . . Parts Damaged . | . . . . . . . . . . . . . . . . . . . . . . . . . Bothacking | -11 -10 -10 -10 -9 -8 -8 -8 -8 -8 -7 -7 -7 -7 -6 -6 -6 -6 -5 -5 -5 -4 -4 -4 -4 ------------ Run | Yrd Mat Min Exi Min Mat Gar Mat Gar Mat Fac Gar Fac DSF Fac Low Low Dat Pro Fac Ext Fac Was Fac Upp Used RIF Installer . | . . . . . . . . . . . . . . . . . . . . . . . . . Robots Hacked 3 | . . . . . . . . . . . . 1 . 1 . . . . 1 . . . . . Non-combat 3 | . . . . . . . . . . . . 1 . 1 . . . . 1 . . . . . Combat . | . . . . . . . . . . . . . . . . . . . . . . . . . Robot Hacks Applied 3 | . . . . . . . . . . . . 1 . 1 . . . . 1 . . . . . find_chute 2 | . . . . . . . . . . . . . . 1 . . . . 1 . . . . . find_dsf 1 | . . . . . . . . . . . . 1 . . . . . . . . . . . . Relay Couplers Released 69 | . . . . . . 30 . 20 . . 19 . . . . . . . . . . . . . Machine Destruction 69 | . . . . . . 30 . 20 . . 19 . . . . . . . . . . . . . Fabnet Peak Effective % . | . . . . . . . . . . . . . . . . . . . . . . . . . Robots Rewired 8 | . . . . . . 3 . . . . 2 . . . . . . . . 3 . . . . Allies Hacked . | . . . . . . . . . . . . . . . . . . . . . . . . . Hacks Repelled . | . . . . . . . . . . . . . . . . . . . . . . . . . Allies | -11 -10 -10 -10 -9 -8 -8 -8 -8 -8 -7 -7 -7 -7 -6 -6 -6 -6 -5 -5 -5 -4 -4 -4 -4 -------- Run | Yrd Mat Min Exi Min Mat Gar Mat Gar Mat Fac Gar Fac DSF Fac Low Low Dat Pro Fac Ext Fac Was Fac Upp Total Allies 12 | . . . . . . 3 . . . . 4 . . . . . . . . 4 1 . . . Largest Group 4 | . . . . . . 3 . . . . 4 . . . . . . . . 4 1 . . . Highest-Rated Group 180 | . . . . . . 30 . . . . 180 . . . . . . . . 115 10 . . . Highest-Rated Ally 62 | . . . . . . 10 . . . . 62 . . . . . . . . 39 10 . . . Initial Warlord ECA Mod 40 | . . . . . . . 11 11 22 21 21 31 31 40 40 40 40 39 39 39 38 38 38 38 Total Orders . | . . . . . . . . . . . . . . . . . . . . . . . . . Ally Attacks 85 | . . . . . . 3 . . . . 54 . . . . . . . . 28 . . . . Total Damage 2292 | . . . . . . 58 . . . . 1890 . . . . . . . . 344 . . . . Kills 22 | . . . . . . 1 . . . . 18 . . . . . . . . 3 . . . . Allies Corrupted . | . . . . . . . . . . . . . . . . . . . . . . . . . Allies Melted . | . . . . . . . . . . . . . . . . . . . . . . . . . Intel | -11 -10 -10 -10 -9 -8 -8 -8 -8 -8 -7 -7 -7 -7 -6 -6 -6 -6 -5 -5 -5 -4 -4 -4 -4 ------- Run | Yrd Mat Min Exi Min Mat Gar Mat Gar Mat Fac Gar Fac DSF Fac Low Low Dat Pro Fac Ext Fac Was Fac Upp Active Infowar (turns) 4875 | . . . . . . . . . . 56 1 219 332 568 10 301 . 524 439 1085 421 240 443 236 Sensors 2206 | . . . . . . . . . . . . 219 192 568 10 301 . . 17 . 383 240 276 . IFF 887 | . . . . . . . . . . . . . . . . . . 524 363 . . . . . Terrain 761 | . . . . . . . . . . 56 1 . 140 . . . . . 2 114 212 . . 236 Structural 418 | . . . . . . . . . . . . . . . . . . . 205 46 . . 167 . Seismic 80 | . . . . . . . . . . . . . . . . . . . . 48 32 . . . T.N.C. 930 | . . . . . . . . . . . . . . . . . . . . 930 . . . . ECM 2 | . . . . . . . . . . . . . . . . . . . . . 2 . . . Robot Analysis Total 154 | . . . . . . . . . . . . . . . . . 154 . . . . . . . Derelict Logs Recovered 7 | . . . . 2 . . . . . . . . . . 1 2 . 2 . . . . . . Drone Launches . | . . . . . . . . . . . . . . . . . . . . . . . . . Drone Recoveries . | . . . . . . . . . . . . . . . . . . . . . . . . . Exploration | -11 -10 -10 -10 -9 -8 -8 -8 -8 -8 -7 -7 -7 -7 -6 -6 -6 -6 -5 -5 -5 -4 -4 -4 -4 ------------- Run | Yrd Mat Min Exi Min Mat Gar Mat Gar Mat Fac Gar Fac DSF Fac Low Low Dat Pro Fac Ext Fac Was Fac Upp Turns Passed 19579 | 75 295 392 252 423 550 1852 270 1561 1442 141 2436 256 688 673 753 1227 954 1281 821 1480 571 240 692 254 Spaces Moved 9446 | 41 134 219 154 173 251 1013 120 873 753 94 1132 104 170 277 367 599 262 834 486 631 290 105 300 64 Core 45 | 2 . . . . . . . . . . . . . . . . 16 . 17 9 . . . 1 Treads 1747 | 39 134 219 154 137 . . . . . . . . . 277 367 308 8 . . 104 . . . . Legs 6245 | . . . . 36 251 1013 120 873 753 94 1132 104 170 . . 291 238 834 328 1 7 . . . Wheels 1240 | . . . . . . . . . . . . . . . . . . . . 489 283 105 300 63 Hover . | . . . . . . . . . . . . . . . . . . . . . . . . . Flight 169 | . . . . . . . . . . . . . . . . . . . 141 28 . . . . Fastest Speed 32 | 50 160 160 160 160 120 140 140 140 140 136 136 229 185 159 159 159 120 120 32 32 99 116 119 175 Average Speed 157 | 154 160 160 160 182 135 140 140 140 140 139 196 229 200 215 159 176 272 130 93 137 122 125 151 346 Slowest Speed 2750 | 160 160 160 160 260 250 140 140 140 140 140 232 229 229 242 159 610 1600 190 525 525 540 200 310 2750 Overloaded Moves . | . . . . . . . . . . . . . . . . . . . . . . . . . Propulsion Burnouts . | . . . . . . . . . . . . . . . . . . . . . . . . . Robots Hopped 4 | . . . . . . . . . . . . . . . . . . . 4 . . . . . Potential Cave-ins 10 | . . . . . . . . . . . . . . . . . . 3 . . . 7 . . Cave-ins Triggered 2 | . . . . . . . . . . . . . . . . . . . . . . 2 . . Exploration Rate (%) 43 | 4 18 47 49 34 24 87 16 91 67 4 95 5 88 9 52 65 80 87 16 50 6 70 10 12 Regions Visited 24 Branch Regions 9 Pre-discovered Areas 33 | . . . 1 . . . . . . . . . . . 1 . 31 . . . . . . . Known Exits Taken 9 | . . . . . 1 . 1 . 1 1 . 1 . 1 . . . . 1 1 . . 1 . Unknown Exits Taken 9 | 1 1 1 1 1 . . . . . . . . . . 1 1 1 1 . . . . . . Scrap Searched 8 | . . . . 2 . . . . . . . . . . . 2 . 4 . . . . . . Spaces Dug 90 | . . . . . 1 . 1 1 8 1 1 1 . 4 . 2 . 13 16 . 7 17 17 . Terrain Destroyed 304 | . . . . . 24 20 1 3 73 1 76 1 15 4 . 5 . 13 16 11 7 17 17 . Melee 90 | . . . . . 1 . 1 1 8 1 1 1 . 4 . 2 . 13 16 . 7 17 17 . Projectile 11 | . . . . . . . . . . . . . . . . . . . . 11 . . . . AOE 203 | . . . . . 23 20 . 2 65 . 75 . 15 . . 3 . . . . . . . . Terrain Rammed . | . . . . . . . . . . . . . . . . . . . . . . . . . Walls Destroyed . | . . . . . . . . . . . . . . . . . . . . . . . . . Machines Disabled . | . . . . . . . . . . . . . . . . . . . . . . . . . Actions | -11 -10 -10 -10 -9 -8 -8 -8 -8 -8 -7 -7 -7 -7 -6 -6 -6 -6 -5 -5 -5 -4 -4 -4 -4 --------- Run | Yrd Mat Min Exi Min Mat Gar Mat Gar Mat Fac Gar Fac DSF Fac Low Low Dat Pro Fac Ext Fac Was Fac Upp Total 12492 | 50 173 243 162 221 409 1245 163 1050 965 100 1263 118 479 322 465 696 441 951 720 1071 461 187 442 95 Wait 1132 | . 12 7 . 2 48 64 9 51 80 . 22 3 235 9 29 26 96 55 71 99 64 61 66 23 Move 9417 | 40 133 218 153 172 251 1012 120 872 752 93 1131 103 169 276 366 598 261 833 477 630 290 104 299 64 Hop 4 | . . . . . . . . . . . . . . . . . . . 4 . . . . . Pick Up 198 | 4 2 3 2 7 22 5 . 4 9 1 17 2 10 2 6 3 12 7 18 39 16 . 7 . Fast Attach 146 | 6 . 2 . . 6 10 . 3 4 2 5 . 10 1 3 4 8 4 12 47 9 1 9 . Attach 108 | . . 1 2 2 6 3 . 3 4 1 1 . 4 5 4 6 11 1 14 7 19 1 9 4 Detach 24 | . . . 2 . . . . . . 1 1 . . 3 . . . 1 4 5 6 . . 1 Swap 141 | . . . 1 . 13 3 . 4 10 . 9 5 18 10 7 11 5 7 11 13 8 2 3 1 Drop 174 | . . 1 2 . 25 12 . 2 12 . 15 2 16 1 8 4 6 3 19 26 18 1 . 1 Fire 291 | . 26 11 . 38 34 100 . 1 7 . 4 2 2 1 2 10 10 1 1 41 . . . . Melee 640 | . . . . . 4 . 32 88 87 2 41 1 14 14 36 31 32 39 88 33 31 17 49 1 Ram . | . . . . . . . . . . . . . . . . . . . . . . . . . Kick 4 | . . . . . . . 2 . . . . . 1 . . . . . 1 . . . . . Crush . | . . . . . . . . . . . . . . . . . . . . . . . . . Escape Stasis 63 | . . . . . . 8 . 22 . . 10 . . . . . . . . 23 . . . . Rewire 150 | . . . . . . 28 . . . . 7 . . . 4 3 . . . 108 . . . . Trap . | . . . . . . . . . . . . . . . . . . . . . . . . . Miscellaneous . | . . . . . . . . . . . . . . . . . . . . . . . . . Route ------- -11/Scrapyard -10/Materials -10/Mines (discovered 2 exits: [*Mat] / *Exi) -10/Exiles -9/Mines -8/Materials (discovered 4 exits: Fac x3 / Gar) -8/Garrison (discovered 3 exits: *Mat x3) -8/Materials -8/Garrison (discovered 4 exits: *Fac x3 / *Mat) -8/Materials (discovered 2 exits: *Fac x2) -7/Factory -7/Garrison (discovered 3 exits: *Fac x3) -7/Factory -7/DSF -6/Factory (discovered 2 exits: *Low x2) -6/Lower Caves -6/Lower Caves -6/Data Miner -5/Proximity Caves -5/Factory (discovered 3 exits: *Fac x2 / *Ext) -5/Extension -4/Factory (discovered 6 exits: Res x4 / Upp x2) -4/Waste -4/Factory (discovered 2 exits: *Upp x2) -4/Upper Caves History --------- Turn | Location | Event 36 | -11/Scrapyard | Discovered new exit (range 15) 76 | -11/Scrapyard | Entered Materials 114 | -10/Materials | Discovered new exit (range 16) 305 | -10/Materials | Build established: Mutant 312 | -10/Materials | Central database locked down 371 | -10/Materials | Entered Mines 513 | -10/Mines | Found a hidden stash of uninstalled traps 566 | -10/Mines | Discovered new exit (range 6) 655 | -10/Mines | Assembled infested the area 670 | -10/Mines | Met 8R-AWN 755 | -10/Mines | Discovered new exit (range 5) 763 | -10/Mines | Entered Exiles 802 | -10/Exiles | Welcomed by 8R-AWN 832 | -10/Exiles | Met EX-HEX 895 | -10/Exiles | Met EX-DEC 901 | -10/Exiles | Learned location of Zion (-7) 992 | -10/Exiles | Discovered new exit (range 14) 1015 | -10/Exiles | Entered Mines 1027 | -9/Mines | Met a Derelict bent on vengeance 1035 | -9/Mines | YI-UF0 nonchalantly dropped a Grenade Launcher on the ground 1107 | -9/Mines | Learned 8 Materials zone layouts 1218 | -9/Mines | Learned Materials terminal intel 1252 | -9/Mines | Core integrity fell below 50% 1356 | -9/Mines | Discovered new exit (range 11) 1438 | -9/Mines | Entered Materials 1438 | -8/Materials | Evolved 4 slots: Propulsion x2, Utility x1, Weapon x1 1439 | -8/Materials | Identified exit to Factory 1440 | -8/Materials | Loaded intel: 12 terminal locations 1988 | -8/Materials | Identified exit to Garrison 1988 | -8/Materials | Entered Garrison 2002 | -8/Garrison | Triggered checkpoint 2039 | -8/Garrison | Build established: Gunner 2056 | -8/Garrison | Triggered checkpoint 2059 | -8/Garrison | Garrison Relay disabled 2496 | -8/Garrison | Triggered checkpoint 2512 | -8/Garrison | Triggered checkpoint 2550 | -8/Garrison | Triggered checkpoint 2561 | -8/Garrison | Lost 3 allies 2603 | -8/Garrison | Garrison Relay disabled 2774 | -8/Garrison | Garrison Relay disabled 2910 | -8/Garrison | Discovered new exit (range 40) 2910 | -8/Garrison | Discovered new exit (range 15) 2910 | -8/Garrison | Discovered new exit (range 72) 3005 | -8/Garrison | Garrison Relay disabled 3009 | -8/Garrison | Garrison Relay disabled 3322 | -8/Garrison | Triggered checkpoint 3342 | -8/Garrison | Garrison Relay disabled 3424 | -8/Garrison | Triggered checkpoint 3485 | -8/Garrison | Build established: Tank 3500 | -8/Garrison | Triggered checkpoint 3517 | -8/Garrison | Garrison Relay disabled 3660 | -8/Garrison | Triggered checkpoint 3840 | -8/Garrison | Entered Materials 4053 | -8/Materials | Build established: Mutant 4110 | -8/Materials | Identified exit to Garrison 4110 | -8/Materials | Entered Garrison 4138 | -8/Garrison | Triggered checkpoint 4161 | -8/Garrison | Garrison Relay disabled 4398 | -8/Garrison | Core integrity fell below 50% 4494 | -8/Garrison | Triggered checkpoint 4520 | -8/Garrison | Garrison Relay disabled 4575 | -8/Garrison | Discovered exit to Factory (range 12) 4824 | -8/Garrison | Triggered checkpoint 4862 | -8/Garrison | Garrison Relay disabled 4898 | -8/Garrison | Triggered checkpoint 4913 | -8/Garrison | Discovered new exit (range 5) 4960 | -8/Garrison | Discovered exit to Factory (range 14) 4980 | -8/Garrison | Learned Factory security intel 5038 | -8/Garrison | Triggered checkpoint 5205 | -8/Garrison | Discovered exit to Factory (range 13) 5222 | -8/Garrison | Triggered checkpoint 5235 | -8/Garrison | Garrison Relay disabled 5519 | -8/Garrison | Garrison Relay disabled 5671 | -8/Garrison | Entered Materials 5921 | -8/Materials | Met 7R-MNS 5991 | -8/Materials | Discovered exit to Factory (range 15) 6071 | -8/Materials | First assault squad dispatched 6374 | -8/Materials | Discovered exit to Factory (range 15) 6590 | -8/Materials | System corruption reached 10% 6908 | -8/Materials | Core integrity fell below 20% 7113 | -8/Materials | Entered Factory 7113 | -7/Factory | Evolved 2 slots: Propulsion x1, Weapon x1 7114 | -7/Factory | Caught up to 7R-MNS 7230 | -7/Factory | Identified exit to Garrison 7254 | -7/Factory | Entered Garrison 7282 | -7/Garrison | Triggered checkpoint 7296 | -7/Garrison | Garrison Relay disabled 7503 | -7/Garrison | Found embedded Infiltrators 7658 | -7/Garrison | Phase Generator disabled 7799 | -7/Garrison | Triggered checkpoint 7826 | -7/Garrison | Triggered checkpoint 7944 | -7/Garrison | Triggered checkpoint 8058 | -7/Garrison | Discovered new exit (range 11) 8136 | -7/Garrison | Triggered checkpoint 8149 | -7/Garrison | Garrison Relay disabled 8600 | -7/Garrison | Triggered checkpoint 8643 | -7/Garrison | Garrison Relay disabled 8742 | -7/Garrison | Discovered new exit (range 10) 9297 | -7/Garrison | Discovered new exit (range 16) 9318 | -7/Garrison | Discovered new exit (range 67) 9318 | -7/Garrison | Discovered new exit (range 11) 9318 | -7/Garrison | Discovered new exit (range 68) 9380 | -7/Garrison | Triggered checkpoint 9462 | -7/Garrison | Garrison Relay disabled 9481 | -7/Garrison | Garrison Relay disabled 9690 | -7/Garrison | Entered Factory 9944 | -7/Factory | Identified exit to DSF 9946 | -7/Factory | Entered DSF 10076 | -7/DSF | Additional patrols routed to DSF 10460 | -7/DSF | Sterilization system engaged 10480 | -7/DSF | Ambient heat levels rising (+10) 10495 | -7/DSF | Ambient heat levels rising (+10) 10510 | -7/DSF | Ambient heat levels rising (+10) 10525 | -7/DSF | Ambient heat levels rising (+10) 10540 | -7/DSF | Ambient heat levels rising (+10) 10555 | -7/DSF | Ambient heat levels rising (+10) 10570 | -7/DSF | Ambient heat levels rising (+10) 10585 | -7/DSF | Ambient heat levels rising (+10) 10586 | -7/DSF | Lost 4 parts (2n2w) 10591 | -7/DSF | Discovered new exit (range 14) 10600 | -7/DSF | Ambient heat levels rising (+10) 10615 | -7/DSF | Ambient heat levels rising (+10) 10630 | -7/DSF | Ambient heat levels rising (+10) 10634 | -7/DSF | Entered Factory 10634 | -6/Factory | Evolved 2 slots: Propulsion x1, Utility x1 10758 | -6/Factory | Build established: Scavenger-Mutant 10885 | -6/Factory | Discovered new exit (range 4) 11147 | -6/Factory | Identified exit to Lower Caves 11307 | -6/Factory | Entered Lower Caves 11338 | -6/Lower Caves | Met a Warlord Commander 11339 | -6/Lower Caves | Learned location of Warlord (-4) 11340 | -6/Lower Caves | Warlord Commander delivered Encrypted Comm Array 11347 | -6/Lower Caves | Found Encrypted Comm Array 11373 | -6/Lower Caves | Build established: Gladiator 11422 | -6/Lower Caves | Learned location of 1 exit from Factory 11550 | -6/Lower Caves | Attracted the attention of an 0b10 outpost 11634 | -6/Lower Caves | Destroyed 9 combat bots 11981 | -6/Lower Caves | Discovered new exit (range 15) 12005 | -6/Lower Caves | Found Prototype Device 12060 | -6/Lower Caves | Entered another Lower Caves area 12220 | -6/Lower Caves | Learned Factory emergency access door positions 12487 | -6/Lower Caves | Attracted the attention of an 0b10 outpost 12617 | -6/Lower Caves | Lost 4 parts (2p2n) 12825 | -6/Lower Caves | System corruption reached 10% 12969 | -6/Lower Caves | Learned Factory terminal intel 12987 | -6/Lower Caves | Build established: Scavenger-Gladiator 13164 | -6/Lower Caves | Discovered new exit (range 7) 13287 | -6/Lower Caves | Entered Data Miner 13287 | -6/Data Miner | Discovered new exit (range 6) 13323 | -6/Data Miner | Met Data Miner 13374 | -6/Data Miner | Learned location of Section 7 (-2) 13374 | -6/Data Miner | Acquired the access code to Warlord's prototype stash 13407 | -6/Data Miner | Received God Mode back door access code from Data Miner 13479 | -6/Data Miner | Destroyed Data Miner 13484 | -6/Data Miner | Found Prototype Hackware 13487 | -6/Data Miner | Found Prototype Hackware 13490 | -6/Data Miner | Found Prototype Hackware 13492 | -6/Data Miner | Found Prototype Hackware 13493 | -6/Data Miner | Interfaced with the Data Conduit 13575 | -6/Data Miner | Lost 13 parts (1p7n3u2w) 13627 | -6/Data Miner | Core integrity fell below 50% 13819 | -6/Data Miner | Build established: Gladiator 14118 | -6/Data Miner | Found Exp. Thermal Shield 14241 | -6/Data Miner | Entered Proximity Caves 14347 | -5/Proximity Caves | Build established: Scavenger-Gladiator 14616 | -5/Proximity Caves | Learned Factory non-interactive machine intel 14811 | -5/Proximity Caves | Attracted the attention of an 0b10 checkpoint 15017 | -5/Proximity Caves | Learned 4 Factory zone layouts 15276 | -5/Proximity Caves | Encountered a Derelict sapper outpost 15462 | -5/Proximity Caves | Discovered new exit (range 8) 15522 | -5/Proximity Caves | Entered Factory 15522 | -5/Factory | Evolved 2 slots: Utility x2 15523 | -5/Factory | Identified exit to Factory 15526 | -5/Factory | Loaded intel: 291 machine locations 15527 | -5/Factory | Loaded intel: 237 non-interactive machine locations 15528 | -5/Factory | Loaded intel: 27 terminal locations 16099 | -5/Factory | Discovered exit to Factory (range 11) 16256 | -5/Factory | Released all parts (5) 16266 | -5/Factory | Core integrity fell below 50% 16287 | -5/Factory | Lost 19 parts (2p8n6u3w) 16339 | -5/Factory | Discovered new exit (range 13) 16343 | -5/Factory | Identified exit to Extension 16343 | -5/Factory | Entered Extension 16344 | -5/Extension | Loaded intel: 37 machine locations 16410 | -5/Extension | Found Launcher Loader 16661 | -5/Extension | Build established: Scavenger-Mutant 16714 | -5/Extension | Rescued a captive Derelict 16922 | -5/Extension | Lost 3 allies 17045 | -5/Extension | Lost 4 parts (1p1n1u1w) 17253 | -5/Extension | Spotted B-75 Beast 17256 | -5/Extension | Spotted B-75 Beast 17288 | -5/Extension | Destroyed B-75 Beast 17289 | -5/Extension | Core integrity fell below 20% 17337 | -5/Extension | Released all parts (13) 17340 | -5/Extension | Destroyed B-75 Beast 17365 | -5/Extension | Lost 4 parts (4n) 17486 | -5/Extension | Build established: Scavenger-Tank 17560 | -5/Extension | Identified Deep Network Scanner 17619 | -5/Extension | Discovered exit to Factory (range 3) 17693 | -5/Extension | Disrupted transfer network 17823 | -5/Extension | Entered Factory 17823 | -4/Factory | Evolved 2 slots: Power x1, Weapon x1 17824 | -4/Factory | Loaded intel: 319 machine locations 17828 | -4/Factory | Identified System Mapper 17833 | -4/Factory | Identified exit to Upper Caves 17833 | -4/Factory | Identified exit to Research 18154 | -4/Factory | Fabricated Cargo Storage Unit (x1) 18236 | -4/Factory | Lost 9 parts (1p5n1u2w) 18394 | -4/Factory | Sucked down chute 18394 | -4/Factory | Entered Waste 18486 | -4/Waste | Spotted C-40 Crusher 18490 | -4/Waste | Spotted C-40 Crusher 18490 | -4/Waste | Spotted C-40 Crusher 18504 | -4/Waste | Spotted C-40 Crusher 18522 | -4/Waste | Crushed by falling debris 18532 | -4/Waste | Build established: Hacker-Mutant 18550 | -4/Waste | Spotted C-40 Crusher 18561 | -4/Waste | Spotted C-40 Crusher 18581 | -4/Waste | Crushed by falling debris 18581 | -4/Waste | System corruption reached 10% 18609 | -4/Waste | Discovered new exit (range 11) 18612 | -4/Waste | Lost 4 parts (4n) 18633 | -4/Waste | Identified exit to Factory 18634 | -4/Waste | Entered Factory 18635 | -4/Factory | Loaded intel: 274 machine locations 19004 | -4/Factory | Lost 4 parts (3n1u) 19326 | -4/Factory | Entered Upper Caves 19327 | -4/Upper Caves | Encountered a Warlord checkpoint 19357 | -4/Upper Caves | Lost 3 parts (1p2n) 19573 | -4/Upper Caves | Core integrity fell below 50% 19580 | -4/Upper Caves | Self-destructed Last Messages --------------- 19559_ Slug penetrates Wall. 19559_ Penetrated by Slug. 19561_ Slug penetrates Wall. 19562_ Penetrated by Slug. 19562_ Slug penetrates Wall. 19562_ Penetrated by Slug. 19562_ Arm. Medium Treads+ destroyed. 19565_ Penetrated by Slug. 19565_ Spear+ destroyed. 19568_ Terrain Scanner destroyed. 19568_ Lgt. Ion Engine destroyed. 19572_ Dropped Imp. Remote Force Field. 19574_ System corrupted: Energy discharge (-16). 19574_ Slug penetrates Wall. 19574_ Penetrated by Slug. 19576_ Wall collapses. 19576_ Slug penetrates Wall. 19577_ Penetrated by Slug. 19577_ Slug penetrates Wall. 19579_ Phasing Sabre destroyed. Map ----- +----------------------------------------------------+ | ?????????????????????????????????????????????????? | | ?????????????????????????????????????????????????? | | ?????????????????????????????????????????????????? | | ?????????????????????????????????????????????????? | | ?????????????????????????????????????????????????? | | ?????????????????????????????????????????????????? | | ?????????????????????????????????????????????????? | | ?????????????????????????????????????????????????? | | ?????????????????????????????????????????????????? | | ?????????????????????????????????????????????????? | | ?????????????????????????????????????????????????? | | ?????????????????????????????????????????????????? | | ??????????????????????????????????????????#??????? | | ???????????????????????? ????????????????????????? | | ???????????????????????????????????????#?????????? | | ?????????????????????????#??? ?????????#?????????# | | ?????????????????? ???#??????????#####???????????? | | ?????????????? ?????????#???????## #????#??????? | | ??????????????????????????#????## #???????#???? | | ??????????????????????#???????## #??##????????? | | ?????????????????????????????#??# ###??????????? | | ??????????????????#???#?#####??## ##?????????? | | ????????????????????##### #### ########### | | ???????????????#????# h ## ## | | ?????????????#??????# ## | | ?????????????????##?## @h ######### | | ?????????????????????# !;# ##??#????# | | ???????????? ?????#??## ### #???????# #### | | ????????????? ????????####?# ## #?# #??# | | ??????????????????????????## #?# #??? | | ??????????????? ????????#?# ##?## ??? | | ???????????????? ????? ##???## ? | | ??????????????????? ##???#?## | | ????????????????# ## ### #??????##### | | ????????????????##????# ??## #?#????????### | | ??????????????????????# ????####???#????????# | | ??????????????????????# ????#???#??????????? | | ??????????????????????## ????????#???????????? | | ?????????????????????#### #?????????????????????? | | ?????????????????????#??###??????????????????????? | | ?????????????????????????????????????????????????? | | ???????????????????????????? ????????????????????? | | ?????????????????????????????????????????????????? | | ?????????????????????????????????????????????????? | | ?????????????????????????????????????????????????? | | ?????????????????????????????????????????????????? | | ?????????????????????????????????????????????????? | | ?????????????????????????????????????????????????? | | ?????????????????????????????????????????????????? | | ?????????????????????????????????????????????????? | +----------------------------------------------------+ Best States ------------- Heat Dissipation 91 Coolant Potential 65 Energy Generation 29 Energy Capacity 825 Matter Stores 600 Matter Capacity 600 Sight Range 16 Robot Scan Range 16 Terrain Scan Range 16 Terrain Scan Density 235 Additional Mass Support 9 EM Shielding 2 Armor Coverage 450 Resistance: KI 20 Resistance: TH 30 Melee Speed Boost 20 Evasion (%) 63 Targeting Accuracy 20 Melee Accuracy 8 Recoil Reduction 6 Force Boost 30 Salvage Targeting 2 Offensive Hacking 45 Authchip Count 3 Item Schematics ----------------- Cargo Storage Unit | -10/Materials | Hacked Combat Drone Bay | -6/Data Miner | Free Lgt. Regenerative Plating | -6/Data Miner | Free Enh. Armored Leg | -6/Data Miner | Free Prc. Energy Filter | -6/Data Miner | Free Imp. KE Penetrator | -6/Data Miner | Free Centrium Wheel | -6/Data Miner | Free Imp. Point Defense System | -6/Data Miner | Free Adv. Datajack | -6/Data Miner | Free KE Penetrator | -6/Data Miner | Free Robot Schematics ------------------ R-10 Processor | -6/Data Miner | Free G-50 Soldier | -6/Data Miner | Free D-63 Destroyer | -6/Data Miner | Free S-27 Virus | -6/Data Miner | Free H-66 Slayer | -6/Data Miner | Free E-15 Imp | -6/Data Miner | Free G-67 Veteran | -6/Data Miner | Free W-44 Eye | -6/Data Miner | Free Fabricated ------------ Cargo Storage Unit | x1 | -4/Factory Repaired ---------- Nothing Studied --------- Katana | -8/Materials | Hacked Carbon-fiber Leg | -5/Factory | Hacked Wheel | -4/Factory | Hacked Antimatter Reactor | -4/Factory | Hacked Chainsword | -4/Factory | Hacked Spear | -4/Factory | Hacked Arm. Medium Treads | -4/Factory | Hacked Com. Wheel | -4/Factory | Hacked Alien Tech Used ----------------- None Achievements -------------- None Challenges ------------ None Game ------ Seed ShadingBlastAutohacker Manual? 0 Play Time 02:04:56 Cumulative 489.3 hours Start 2026.07.25 @ 02:53:02 End 2026.07.25 @ 05:24:11 Sessions 5 Manual Loads 0 Difficulty Rogue Special Mode None Game No. 439 Rogue 439 Adventurer 0 Explorer 0 Win Type - Total 13 Types 7/0/3/1/0/0/0/1/0/1 Lore% 63 Gallery% 70 Achievement% 66 Wizard Run 0 Options --------- Layout 1 ASCII 0 Keyboard 0 Movement Mouse Keybinds 0 Fullscreen 2 Font 24/Cog Map View 50x35 Zoom Use 15% Tactical HUD 1 Map Filters NONE Filters NONE Steam 1 RUN: 85fa5899-f984-4674-b1ce-5af49498ffbc